 Dungeon Crawl Stone Soup version 0.21-a0-104-g7b58145 (webtiles) character file.

13732 grindst0ne the Nimble (level 12, -4/126 HPs)
             Began as an Ogre Hunter on July 5, 2017.
             Was a High Priest of Okawaru.
             Slain by a salamander
             ... wielding a +2 spear
              (13 damage)
             ... in a volcano.
             The game lasted 00:55:17 (14919 turns).

grindst0ne the Nimble (Ogre Hunter)                Turns: 14919, Time: 00:55:18

Health: -4/126     AC:  8    Str: 21    XL:     12   Next: 9%
Magic:  12/12      EV: 14    Int: 14    God:    Okawaru [*****.]
Gold:   723        SH:  0    Dex:  9    Spells: 6/11 levels left

rFire    . . .     SeeInvis +   d - +3 scimitar (flame)
rCold    . . .     Gourm    .   (no shield)
rNeg     . . .     Faith    .   p - +0 troll leather armour
rPois    .         Spirit   .   (helmet restricted)
rElec    .         Reflect  .   s - +0 cloak
rCorr    .         Harm     .   (gloves unavailable)
MR       ++...                  (boots unavailable)
Stlth    +.........             (no amulet)
HPRegen  0.71/turn              C - ring of flight
MPRegen  0.13/turn              K - +5 ring of slaying

@: no status effects
A: unfitting armour, talons 1, slimy green scales 1, see invisible, magic
resistance 1, tough skin 1
a: Heroism, Finesse, Renounce Religion, Evoke Flight


You were in a volcano.
You worshipped Okawaru.
Okawaru was extremely pleased with you.
You were very hungry.

You visited 3 branches of the dungeon, and saw 13 of its levels.
You also visited: Sewer and Volcano.

You collected 866 gold pieces.
You spent 143 gold pieces at shops.

Inventory:

Hand Weapons
 d - a +3 scimitar of flaming (weapon)
 g - a +2 trident of venom
 A - a +1 giant spiked club
 J - a +1 falchion of holy wrath
 L - a -1 whip
Missiles
 O - 4 tomahawks of returning (quivered)
Armour
 p - a +0 troll leather armour (worn)
 s - a +0 cloak (worn)
 H - a +2 robe of magic resistance
Jewellery
 x - a +1 ring of evasion {unknown}
 C - a ring of flight (left hand)
 K - a +5 ring of slaying (right hand)
Wands
 b - a wand of flame (32/48)
 e - a wand of iceblast (10/15)
 l - a wand of confusion (12/48)
 B - a wand of polymorph (22/24)
 I - a wand of disintegration (8/24)
 Q - a wand of polymorph (9/24)
Scrolls
 a - a scroll of summoning
 c - 2 scrolls of fear
 j - 3 scrolls of fog
 n - a scroll of holy word
 o - 2 scrolls of noise
 t - 3 scrolls of amnesia
 w - 4 scrolls of teleportation
 y - a scroll of enchant armour
 F - a scroll of enchant weapon
 R - a scroll of magic mapping
Potions
 i - 2 potions of lignification
 q - a potion of berserk rage
 u - 3 potions of flight
 G - a potion of magic
 N - a potion of cancellation
Books
 D - a book of Necromancy

   Spells                             Type                      Level
   a - Pain                           Necromancy                   1
   b - Animate Skeleton               Necromancy                   1
   c - Vampiric Draining              Necromancy                   3
   d - Regeneration                   Charms/Necromancy            3
   e - Animate Dead                   Necromancy                   4
   f - Control Undead                 Necromancy                   4
 E - a book of Frost

   Spells                             Type                      Level
   a - Freeze                         Ice                          1
   b - Throw Frost                    Conjuration/Ice              2
   c - Ozocubu's Armour               Charms/Ice                   3
   d - Throw Icicle                   Conjuration/Ice              4
   e - Summon Ice Beast               Ice/Summoning                4
Comestibles
 f - 10 bread rations
 m - 5 meat rations
 r - 13 fruits


   Skills:
 - Level 10.1 Fighting
 - Level 10.6 Throwing
 - Level 2.3 Armour
 - Level 12.0 Dodging
 - Level 0.6 Stealth
 + Level 5.0 Ice Magic


You had 6 spell levels left.
You knew the following spells:

 Your Spells              Type           Power        Failure   Level  Hunger
a - Animate Skeleton      Necr           N/A          32%         1    ##.....
b - Ozocubu's Armour      Chrm/Ice       #.......     34%         3    ####...
c - Freeze                Ice            ##..         4%          1    ##.....


Dungeon Overview and Level Annotations

Branches:
Dungeon (11/15)            Temple (1/1) D:6            Lair (1/6) D:9
    Orc (0/2) D:11

Altars:
Ashenzari
Cheibriados
Dithmenos
Elyvilon
Fedhas
Gozag
Hepliaklqana
Kikubaaqudgha
Makhleb
Nemelex Xobeh
Okawaru
Qazlal
Ru
Sif Muna
Trog
Uskayaw
Vehumet
Wu Jian
Xom
Yredelemnul
Zin
The Shining One

Shops:
D:4 %   D:5 }   D:11 [(


Innate Abilities, Weirdness & Mutations

You are too large for most types of armour.
You have tough skin. (AC +1)
You have sharp toenails.
You are partially covered in slimy green scales. (AC +2)
You have supernaturally acute eyesight. (SInv)
You are resistant to hostile enchantments. (MR+)


Message History

The tomahawk of returning hits the salamander!
The salamander is heavily wounded.
The tomahawk of returning returns to your pack!
The salamander hits you from afar with a trident!
* * * LOW HITPOINT WARNING * * *
You are engulfed in flames!
* * * LOW HITPOINT WARNING * * *
The salamander closely misses you.
You feel better. The salamander closely misses you.
The salamander hits you but does no damage.
A salamander comes into view. It is wielding a halberd.
You feel better.
The salamander hits you from afar with a trident!
* * * LOW HITPOINT WARNING * * *
You are engulfed in flames!
* * * LOW HITPOINT WARNING * * *
The salamander hits you with an enchanted spear!
* * * LOW HITPOINT WARNING * * *
You are engulfed in flames!
You die...

≈≈§≈≈≈≈§§≈§≈≈≈§§≈≈§≈§≈≈§§§§§§§§§§
≈≈≈≈≈≈≈§§§§≈§≈§≈≈≈≈≈§§§≈§≈§§≈§§≈§
≈≈≈≈§≈≈§(≈§.≈.§§≈≈.≈≈.§.§≈§§§≈§≈§
≈§≈§≈≈§...................§≈≈≈≈§§
≈§ ######'########.≈≈§≈≈§≈ § #.#
#§.≈≈≈≈§≈ #.# #.§≈≈≈≈≈≈ #.#
#..§§≈≈≈≈ #@# #§§≈≈≈≈§§ ≈≈≈≈≈≈≈.#
#N#.######..§≈§≈≈§ ≈§≈≈≈≈..#
#N#......#.≈§≈≈≈≈≈ ≈§§§≈≈≈.#
#N###''###..≈≈≈≈≈≈ §≈≈§≈≈..# .N.
# #.§§≈≈≈§≈ §≈≈≈§≈≈.# 8_8
#.≈§≈≈≈≈§ ≈≈≈≈§≈..# N.. #..≈≈≈≈≈§
≈≈§≈§≈≈.#################.§≈≈≈§≈§
§≈§≈§§.................§...≈≈≈≈≈≈


You could see a salamander mystic and 4 salamanders.

Vanquished Creatures
  Gastronok (D:9)
  Erica (D:8)
  2 two-headed ogres
  An unseen horror (D:11)
  The ghost of grindst0ne the Skirmisher, a novice OgHu (Sewer)
  The ghost of anet the Magician, a novice DEWz (D:6)
  A troll (D:11)
  Grinder (D:4)
  A hornet (D:11)
  5 hippogriffs
  8 yaks (D:10)
  A wraith (D:10)
  Eustachio (D:5)
  A hungry ghost (D:10)
  A basilisk (Lair:1)
  2 fire bats (Volcano)
  3 acid dragons (D:11)
  A water moccasin (D:11)
  2 porcupines
  Purgy (Sewer)
  2 ice beasts
  3 orc warriors
  3 black bears
  5 sky beasts
  2 necrophages
  6 ogres
  A phantom (D:4)
  2 centaurs
  A crocodile (Lair:1)
  2 big kobolds
  9 bullfrogs
  A wyvern zombie (D:11)
  2 water moccasin skeletons
  A scorpion (D:11)
  5 wights (D:10)
  3 howler monkeys
  4 crimson imps
  2 bullfrog zombies
  6 lava snakes (Volcano)
  6 hounds
  5 jellies
  An orc priest (D:7)
  2 bullfrog skeletons
  10 worker ants
  2 iguanas
  2 orc wizards
  A hound skeleton (D:6)
  2 gnolls (D:5)
  A howler monkey skeleton (D:7)
  14 adders
  3 adder skeletons
  3 worms
  3 dart slugs (D:1)
  7 leopard geckos
  22 orcs
  7 giant cockroaches
  4 goblins
  6 hobgoblins
  16 jackals
  5 quokkas
  2 ball pythons
  16 bats
  7 frilled lizards
  12 kobolds
  A leopard gecko skeleton (D:5)
  A quokka skeleton (D:5)
  7 rats
  A plant (D:9)
265 creatures vanquished.

Vanquished Creatures (collateral kills)
  An orc warrior (D:9)
  A jelly (D:10)
  A centaur skeleton (D:6)
  An orc (D:11)
  A jackal (D:6)
5 creatures vanquished.

Vanquished Creatures (others)
  6 fungi (D:9)
6 creatures vanquished.

Grand Total: 276 creatures vanquished

Notes
Turn   | Place    | Note
-------+----------+-------------------------------------------
     0 | D:1      | grindst0ne the Ogre Hunter began the quest for the Orb.
     0 | D:1      | Reached XP level 1. HP: 22/22 MP: 1/1
   174 | D:1      | Reached XP level 2. HP: 27/31 MP: 2/2
   519 | D:1      | Reached XP level 3. HP: 14/39 MP: 3/3
  1741 | D:2      | Reached XP level 4. HP: 49/49 MP: 4/4
  1966 | D:2      | Found an opulent altar of Gozag.
  2037 | D:2      | Found an iron altar of Okawaru.
  2041 | D:2      | Found an ancient bone altar of Kikubaaqudgha.
  2691 | D:3      | Reached skill level 5 in Throwing
  2932 | D:3      | Gained mutation: You have supernaturally acute eyesight. (SInv) [potion of mutation]
  2932 | D:3      | Gained mutation: You are partially covered in slimy green scales. (AC +2) [potion of mutation]
  2932 | D:3      | Gained mutation: You are resistant to hostile enchantments. (MR+) [potion of mutation]
  2932 | D:3      | Gained mutation: You have sharp toenails. [potion of mutation]
  3025 | D:3      | Reached skill level 5 in Fighting
  3095 | D:3      | Reached XP level 5. HP: 55/57 MP: 5/5
  3884 | D:4      | Found a stormy altar of Qazlal.
  3939 | D:4      | Found Optuoh's Food Shoppe.
  3995 | D:4      | Noticed an ogre
  3997 | D:4      | Noticed an ogre
  4001 | D:4      | Killed an ogre
  4001 | D:4      | Reached XP level 6. HP: 67/67 MP: 6/6
  4060 | D:4      | Noticed a phantom
  4079 | D:4      | Killed a phantom
  4079 | D:4      | Reached XP level 7. HP: 61/76 MP: 7/7
  4084 | D:4      | Found a shimmering altar of Xom.
  4418 | D:4      | Noticed Grinder
  4453 | D:4      | Killed Grinder
  4790 | D:4      | Reached XP level 8. HP: 71/88 MP: 8/8
  5073 | D:5      | Entered Level 5 of the Dungeon
  5240 | D:5      | Noticed Eustachio
  5291 | D:5      | Killed Eustachio
  5556 | D:5      | Found Xeir's Gadget Shoppe.
  5560 | D:5      | Bought a wand of iceblast (9/15) for 143 gold pieces
  6286 | D:6      | Found a glowing drain.
  6297 | Sewer    | Entered a sewer
  6297 | Sewer    | Noticed grindst0ne's ghost (novice OgHu)
  6309 | Sewer    | Killed grindst0ne's ghost
  6309 | Sewer    | Reached XP level 9. HP: 95/97 MP: 9/9
  6366 | Sewer    | Learned a level 1 spell: Animate Skeleton
  6404 | Sewer    | Noticed Purgy
  6422 | Sewer    | Killed Purgy
  6744 | D:6      | Reached skill level 10 in Throwing
  6876 | D:6      | Found a staircase to the Ecumenical Temple.
  6887 | D:6      | Noticed anet's ghost (novice DEWz)
  6894 | D:6      | Killed anet's ghost
  6919 | Temple   | Entered the Ecumenical Temple
  7176 | D:2      | Became a worshipper of Warmaster Okawaru
  7668 | D:7      | Found a snail-covered altar of Cheibriados.
  7694 | D:7      | Reached skill level 10 in Fighting
  7944 | D:7      | Reached skill level 2 in Dodging
  8079 | D:7      | Reached skill level 1 in Armour
  8235 | D:7      | Reached * piety under Okawaru
  8235 | D:7      | Reached skill level 3 in Dodging
  8702 | D:8      | Noticed Erica
  8993 | D:8      | Killed Erica
  8993 | D:8      | Reached ** piety under Okawaru
  8993 | D:8      | Reached skill level 5 in Dodging
  8993 | D:8      | Reached XP level 10. HP: 109/109 MP: 10/10
  9082 | D:8      | Reached skill level 6 in Dodging
  9339 | D:8      | Noticed a two-headed ogre
  9342 | D:8      | Killed a two-headed ogre
  9342 | D:8      | Reached skill level 7 in Dodging
  9577 | D:8      | Got a bloodstained robe
  9588 | D:8      | Identified the cursed +1 robe of Hedonism {-Cast rElec rN+} (You found it on level 8 of the Dungeon)
  9710 | D:8      | Reached *** piety under Okawaru
 10297 | D:9      | You fall through a shaft for 2 floors!
 10298 | D:11     | Identified a scroll of acquirement
 10486 | D:11     | Reached skill level 8 in Dodging
 10501 | D:11     | Found Qeuphis's Armour Shoppe.
 10532 | D:11     | Found a staircase to the Orcish Mines.
 10547 | D:11     | Found Rorasun's Weapon Shoppe.
 10684 | D:10     | Entered Level 10 of the Dungeon
 10876 | D:9      | Reached skill level 9 in Dodging
 11010 | D:9      | Noticed a two-headed ogre
 11025 | D:9      | Killed a two-headed ogre
 11025 | D:9      | Reached **** piety under Okawaru
 11025 | D:9      | Received a gift from Okawaru
 11025 | D:9      | Reached XP level 11. HP: 115/115 MP: 11/11
 11153 | D:9      | Reached skill level 10 in Dodging
 11433 | D:9      | Found a staircase to the Lair.
 11455 | D:9      | Noticed Gastronok
 11493 | D:9      | Killed Gastronok
 11493 | D:9      | Received a gift from Okawaru
 11964 | D:9      | Found a white marble altar of Elyvilon.
 12291 | D:10     | Reached skill level 11 in Dodging
 12315 | D:10     | Learned a level 3 spell: Ozocubu's Armour
 12317 | D:10     | Learned a level 1 spell: Freeze
 12375 | D:10     | Found a sacrificial altar of Ru.
 12667 | D:10     | Found a sacrificial altar of Ru.
 12855 | D:10     | Reached ***** piety under Okawaru
 13511 | D:10     | Reached skill level 12 in Dodging
 13622 | D:11     | Reached skill level 1 in Ice Magic
 13743 | D:11     | Noticed an unseen horror
 13752 | D:11     | Killed an unseen horror
 14101 | D:11     | Received a gift from Okawaru
 14216 | Lair:1   | Entered Level 1 of the Lair of Beasts
 14315 | Lair:1   | Reached XP level 12. HP: 126/126 MP: 12/12
 14481 | Lair:1   | Found a dark tunnel.
 14490 | Volcano  | Entered a volcano
 14672 | Volcano  | Received a gift from Okawaru
 14897 | Volcano  | Reached skill level 5 in Ice Magic
 14912 | Volcano  | Found a radiant altar of Vehumet.
 14919 | Volcano  | Slain by a salamander

Vault maps used:
D:1:      dpeg_arrival_lava_altar, minmay_hexomino_p4
D:2:      nicolae_overflow_hidden_temple, first_bread
D:3:      kennysheep_path_1, serial_bayou_pond_b, kennysheep_generic_room_13
D:4:      nicolae_overflow_crystal_walls, serial_shops,
          nicolae_shop_temple_entry_statues_fountains, minmay_ruined_shrine,
          uniq_grinder
D:5:      serial_shops, nicolae_shop_stone, amethyst_killhole,
          saegor_snake_ambush, uniq_eustachio
D:6:      minmay_temple_entry_nine_rooms, portal_sewer_entry_d, minivault_27
D:7:      old_standard_altar, kennysheep_generic_room_9
D:8:      uniq_erica
D:9:      elyvilon_altar_3, grunt_lair_entry_orc_guard_hut, uniq_gastronok
D:10:     basic_altar, nicolae_ru_awakened_eye
D:11:     orc_david_3
Temple:   eino_temple_rhombus
Lair:1:   nicolae_volcano_entry_lava_flow, grunt_megastairs_3
Sewer:    sewer_big_baddie
Volcano:  volcano_lake

Skill      XL: |  1  2  3  4  5  6  7  8  9 10 11 12 |
---------------+-------------------------------------+-----
Fighting       | 3 4 5 6 7 9 10 | 10.1
Throwing       | 5 6 8 9 10 | 10.6
Dodging        | 5 9 12 | 12.0
Armour         | 2 |  2.3
Ice Magic      | 3 5 |  5.0
Stealth        | |  0.6

Action                   |  1- 3 |  4- 6 |  7- 9 | 10-12 || total
-------------------------+-------+-------+-------+-------++-------
Melee: Short sword       |   153 |   160 |   192 |       ||   505
       Kick              |       |    21 |    52 |    92 ||   165
       Falchion          |       |       |    22 |   135 ||   157
       Whip              |       |       |       |   102 ||   102
       Scimitar          |       |       |       |    50 ||    50
Throw: Large rock        |       |    22 |    34 |    36 ||    92
       Javelin           |       |     6 |    49 |    48 ||   103
       Throwing net      |       |     1 |     3 |     1 ||     5
       Tomahawk          |       |       |     6 |    26 ||    32
 Cast: Animate Skeleton  |       |       |     6 |     8 ||    14
       Ozocubu's Armour  |       |       |       |     4 ||     4
Invok: Heroism           |       |       |     1 |       ||     1
Evoke: Wand              |       |       |    10 |    25 ||    35
  Use: Potion            |       |     3 |     4 |    17 ||    24
       Scroll            |       |     2 |    16 |    15 ||    33
 Stab: Confused          |       |       |     1 |       ||     1
       Distracted        |       |       |       |     2 ||     2
       Held in net/web   |       |       |       |     1 ||     1
       Sleeping          |       |       |       |     1 ||     1
  Eat: Chunk             |     3 |     3 |    16 |    21 ||    43
       Bread ration      |       |     1 |       |       ||     1
       Royal jelly       |       |       |       |     1 ||     1
Armor: Robe              |    56 |    52 |    88 |    87 ||   283
       Troll leather arm |       |       |       |    31 ||    31
Dodge: Dodged            |   123 |    99 |   149 |   292 ||   663
       Rpst.: Falchion   |       |       |     6 |    36 ||    42
       Scimitar          |       |       |       |     8 ||     8
